 Dungeon Crawl Stone Soup version 0.19.5 (webtiles) character file.

29 McKennaii the Skirmisher (level 3, -12/30 HPs)
             Began as a Demonspawn Abyssal Knight on Apr 27, 2017.
             Was a Follower of Lugonu.
             Mangled by a goblin
             ... wielding a +2 dagger of electrocution
              (16 damage)
             ... on level 2 of the Dungeon.
             The game lasted 00:01:13 (643 turns).

McKennaii the Skirmisher (Demonspawn Abyssal Knight) Turns: 643, Time: 00:01:15

Health: -12/30     AC:  9    Str: 12    XL:     3   Next: 1%
Magic:  4/4        EV:  6    Int: 13    God:    Lugonu [*.....]
Gold:   41         SH: 10    Dex: 13    Spells: 0 memorised, 2 levels left

rFire  . . .     SeeInvis .     a - +1 falchion
rCold  . . .     Gourm    .     b - +0 leather armour
rNeg   . . .     Faith    .     l - +0 large shield
rPois  .         Spirit   .     (no helmet)
rElec  .         Reflect  .     (no cloak)
rCorr  .         Harm     .     (no gloves)
MR     .....                    (no boots)
Stlth  +.........               (no amulet)
                                (no ring)
                                (no ring)

@: sanguine armour
A: talons 1, sanguine armour 1
a: Depart the Abyss, Renounce Religion


You were on level 2 of the Dungeon.
You worshipped Lugonu.
Lugonu was aware of your devotion.
You were not hungry.

You visited 1 branch of the dungeon, and saw 2 of its levels.
You visited the Abyss 1 time.

You collected 41 gold pieces.

Inventory:

Hand Weapons
 a - a +1 falchion (weapon)
Armour
 b - a +0 leather armour (worn)
 l - a +0 large shield (worn)
Jewellery
 d - an uncursed ring of see invisible {unknown}
Scrolls
 f - a scroll of magic mapping {unknown}
 g - a scroll of blinking {unknown}
 h - 3 scrolls of remove curse {unknown}
 j - 2 scrolls of identify {unknown}
 m - a scroll of amnesia {unknown}
Potions
 e - a potion of curing
 n - a potion of might {unknown}
Comestibles
 c - 2 bread rations
 i - 2 meat rations
 k - a slice of pizza


   Skills:
 + Level 3.7 Fighting
 + Level 2.1 Long Blades
 + Level 1.8 Armour
 + Level 1.1 Dodging
 + Level 2.5 Invocations


You had 2 spell levels left.
You didn't know any spells.

Dungeon Overview and Level Annotations

Branches:
Dungeon (2/15)

Altars:


Innate Abilities, Weirdness & Mutations

You have sharp toenails.
When seriously injured, your bleeding wounds create armour. (AC +6)


Message History

You barely miss the goblin.
The goblin hits you with a dagger of electrocution.
Your blood congeals into armour.
You block the goblin's attack.
Your shield prevents you from hitting the goblin.
The goblin hits you but does no damage.
You are electrocuted!
* * * LOW HITPOINT WARNING * * *
The goblin hits you but does no damage. x2
You block the goblin's attack.
You barely miss the goblin. You hit the goblin.
You kill the goblin!
Lugonu accepts your kill.
You have reached level 3!
Your experience leads to an increase in your attributes!
Increase (S)trength, (I)ntelligence, or (D)exterity?
You feel agile.
Your demonic ancestry asserts itself...
Your toenails lengthen and sharpen.
The goblin hits you but does no damage.
You are electrocuted!
Ouch! That really hurt!
You die...

####### .......
....... ...
.......######.#
........†@..#.#
###.#...#g..#.#
#.#.#...#.#
...#.#...#.#
...###.#.###.#
#.............####
#................#
#.......#.######.#
......#.. #.#


You could see a goblin.

Vanquished Creatures
  An adder (D:1)
  A ball python (D:2)
  3 bats (D:1)
  A giant cockroach (D:1)
  3 goblins
  2 hobgoblins (D:1)
  3 frilled lizards (D:1)
  A kobold (D:1)
  5 rats (D:1)
20 creatures vanquished.

Notes
Turn   | Place    | Note
-------+----------+-------------------------------------------
     0 | Abyss:1  | McKennaii the Demonspawn Abyssal Knight began the quest for the Orb.
     0 | Abyss:1  | Reached XP level 1. HP: 18/18 MP: 2/2
    55 | Abyss:1  | Noticed a wretched star
    55 | D:1      | Escaped the Abyss
   281 | D:1      | Reached * piety under Lugonu
   414 | D:1      | Gained mutation: When seriously injured, your bleeding wounds create armour. (AC +6) [demonic ancestry]
   414 | D:1      | Reached XP level 2. HP: 20/24 MP: 3/3
   517 | D:1      | Reached skill level 1 in Dodging
   643 | D:2      | Gained mutation: You have sharp toenails. [demonic ancestry]
   643 | D:2      | Reached XP level 3. HP: 4/30 MP: 4/4
   643 | D:2      | Mangled by a goblin

Skill      XL: |  1  2 |
---------------+-------+-----
Long Blades    | 2 |  2.1
Dodging        | 1 |  1.1
Fighting       | |  3.7
Armour         | |  1.8
Invocations    | |  2.5

Action                   || total
-------------------------++-------
Melee: Falchion          ||    61
Invok: Depart the Abyss  ||     1
  Use: Potion            ||     3
Armor: Leather armour    ||    22
Dodge: Dodged            ||    27
Block: Large shield      ||    37
       Rpst.: Falchion   ||     8
